 Dungeon Crawl Stone Soup version 0.30.1 (webtiles) character file.

Game seed: 5081411975393459985

17 Destapler the Caller (level 2, -3/16 HPs)
             Began as a Deep Elf Summoner on July 5, 2023.
             Slain by a hobgoblin (4 damage)
             ... on level 1 of the Dungeon.
             The game lasted 00:02:38 (220 turns).

Destapler the Caller (Deep Elf Summoner)             Turns: 220, Time: 00:02:40

Health: -3/16      AC:  2    Str:  5    XL:     2   Next: 44%
Magic:  2/8        EV: 10    Int: 19    God:
Gold:   19         SH:  0    Dex: 15    Spells: 4/7 levels left

rFire   . . .        c - +0 club
rCold   . . .        (no shield)
rNeg    . . .        a - +0 robe
rPois   .            (no helmet)
rElec   .            (no cloak)
rCorr   .            (no gloves)
SInv    .            (no boots)
Will    .....        (no amulet)
Stlth   ++           (no ring)
HPRegen 0.22/turn    (no ring)
MPRegen 0.11/turn

%: no passive effects
@: very slightly contaminated, constricted
A: no striking features
a: no special abilities


You were on level 1 of the Dungeon.
You visited 1 branch of the dungeon, and saw 1 of its levels.

You collected 19 gold pieces.

Inventory:

Hand Weapons
 c - a +0 club (weapon)
Armour
 a - a +0 robe (worn)
Jewellery
 d - a ring of see invisible
Scrolls
 f - a scroll of noise {unknown}
Potions
 b - a potion of magic
 e - a potion of berserk rage {unknown}


   Skills:
 * Level 0.4 Fighting
 + Level 2.7 Dodging
 + Level 2.8 Stealth
 + Level 3.3 Spellcasting
 * Level 4.5 Summonings


You had 4 spell levels left.
You knew the following spells:

 Your Spells              Type           Power      Damage    Failure   Level
a - Summon Small Mammal   Summ           80%        N/A       2%          1
b - Call Imp              Summ           40%        N/A       3%          2

Your spell library contained the following spells:

 Spells                   Type           Power      Damage    Failure   Level
 Call Canine Familiar     Summ           20%        N/A       7%          3
 Summon Guardian Golem    Hex/Summ       11%        N/A       17%         3
 Summon Lightning Spire   Summ/Air       11%        N/A       50%         4


Dungeon Overview and Level Annotations

Branches:
Dungeon (1/15)

Altars:


Message History

The hobgoblin barely misses your quokka.
Your quokka barely misses the ball python.
You closely miss the ball python.
The ball python is severely wounded.
The ball python barely misses you. The ball python constricts you.
The giant cockroach closely misses your quokka.
Your quokka misses the ball python. The hobgoblin hits your quokka.
The goblin hits you with a +0 club. The ball python bites you.
* * * LOW HITPOINT WARNING * * *
The ball python constricts you. The giant cockroach bites your quokka.
Your quokka dies!
Your quokka's corpse disappears in a puff of smoke!
The hobgoblin shouts!
The goblin hits you with a +0 club.
* * * LOW HITPOINT WARNING * * *
The hobgoblin hits you.
* * * LOW HITPOINT WARNING * * *
The ball python bites you but does no damage.
The ball python constricts you.
Your rat bites the giant cockroach but does no damage.
You escape the ball python's grasp.
The goblin attacks as you move away! The goblin barely misses you.
The giant cockroach closely misses your rat.
Casting: Summon Small Mammal (safe; 2% risk of failure)
Confirm with . or Enter, or press ? or * to list all spells.
You miscast Call Imp.
Nothing appears to happen.
The giant cockroach bites your rat.
Your rat dies!
Your rat's corpse disappears in a puff of smoke!
The hobgoblin attacks as you move away! The hobgoblin hits you.
* * * LOW HITPOINT WARNING * * *
You see here a +0 dagger.
Casting: Call Imp (safe; 3% risk of failure)
Confirm with . or Enter, or press ? or * to list all spells.
A tiny devil pulls itself out of the air.
The ball python bites you but does no damage.
The ball python grabs you. The ball python constricts you.
Your quokka barely misses the ball python.
The goblin barely misses you. The hobgoblin hits you.
You die...

#.##..#######
...#....##..#
.....#...#..#
......#..#..#
##.......#..#
...###.†....##
.#.####......####
##.....#........#####
######..........@Sr.######
..##............gg#.......
..##.######.....B.5......#
..#..# #.#..#......##.#
....## #..#............
..)### ##..............
##.).## #..........?...
###..# ##...........##
#..........#...........#


You could see a giant cockroach, a hobgoblin (ally target), a goblin, a ball
python (ally target), a friendly cerulean imp (summoned) and a friendly quokka
(summoned).

Vanquished Creatures
  A goblin (D:1)
  2 frilled lizards (D:1)
  2 rats (D:1)
5 creatures vanquished.

Vanquished Creatures (collateral kills)
  A dart slug (D:1)
  A ball python (D:1)
  2 giant cockroaches (D:1)
  3 hobgoblins (D:1)
  A frilled lizard (D:1)
  A goblin (D:1)
  A kobold (D:1)
10 creatures vanquished.

Grand Total: 15 creatures vanquished

Notes
Turn   | Place    | Note
-------+----------+-------------------------------------------
     0 | D:1      | Destapler the Deep Elf Summoner began the quest for the
                  | Orb.
     0 | D:1      | Reached XP level 1. HP: 10/10 MP: 6/6
   110 | D:1      | Reached XP level 2. HP: 15/15 MP: 8/8
   116 | D:1      | Learned a level 2 spell: Call Imp
   220 | D:1      | Slain by a hobgoblin

Illustrated notes

Levels and vault maps discovered:
D:1:      ebering_trefoil_3fold, layout_rooms

Action                     || total
---------------------------++-------
  Melee: Club              ||    37
         Punch             ||     2
   Cast: Summon Small Mamm ||    11
         Call Imp          ||     1
 Armour: Robe              ||     8
  Dodge: Dodged            ||    42
